 Dungeon Crawl Stone Soup version 0.19.5 (webtiles) character file.

469 wolfsongas the Basher (level 7, 0/72 HPs)
             Began as an Ogre Berserker on May 3, 2017.
             Slain by a polar bear (3 damage)
             ... created by the rage of Trog
             ... on level 4 of the Dungeon.
             The game lasted 00:08:35 (3097 turns).

wolfsongas the Basher (Ogre Berserker)              Turns: 3097, Time: 00:08:37

Health: 0/72       AC:  8    Str: 23    XL:     7   Next: 9%
Magic:  7/7        EV: 11    Int:  8    God:    Xom [....*.]
Gold:   142        SH:  0    Dex: 13    Spells: 0 memorised, 6 levels left

rFire  . . .     SeeInvis .     n - +0 morningstar
rCold  . . .     Gourm    .     b - +2 animal skin
rNeg   . . .     Faith    .     (no shield)
rPois  .         Spirit   .     (helmet restricted)
rElec  .         Reflect  .     e - +2 cloak
rCorr  .         Harm     .     (gloves unavailable)
MR     .....                    (boots unavailable)
Stlth  +++.......               (no amulet)
                                (no ring)
                                i - ring of stealth

@: no status effects
A: unfitting armour, thin skeletal structure 1, clever 1, tough skin 1,
MP-powered wands
a: Renounce Religion


You were on level 4 of the Dungeon.
You worshipped Xom.
You were a beloved toy of Xom.
You were completely stuffed.

You visited 1 branch of the dungeon, and saw 4 of its levels.

You collected 142 gold pieces.

Inventory:

Hand Weapons
 c - a +2 flail of holy wrath
 n - a +0 morningstar (weapon)
Armour
 b - a +2 animal skin (worn)
 e - a +2 cloak (worn)
Magical Staves
 o - an uncursed staff of energy
Jewellery
 i - a ring of stealth (left hand)
Wands
 p - a wand of confusion (20/48)
Scrolls
 m - a scroll of teleportation
Potions
 h - 2 potions of curing
 j - a potion of flight
 k - 2 potions of cancellation
 l - a potion of haste
Comestibles
 d - a slice of pizza
 g - 7 fruits


   Skills:
 + Level 5.4 Fighting
 * Level 8.3 Maces & Flails
 + Level 3.7 Dodging
 + Level 1.4 Stealth


You had 6 spell levels left.
You didn't know any spells.

Dungeon Overview and Level Annotations

Branches:
Dungeon (4/15)
 Temple: D:4-7

Altars:
Cheibriados
Hepliaklqana
Okawaru
Ru
Xom


Innate Abilities, Weirdness & Mutations

You are too large for most types of armour.
You have tough skin. (AC +1)
You have a somewhat thin skeletal structure. (Dex +2, Stealth)
Your mind is acute. (Int +2)
You expend magic power (3 MP) to strengthen your wands.


Message History

The polar bear bites you. The polar bear claws you.
The polar bear claws you but does no damage.
The polar bear bites you!
* * * LOW HITPOINT WARNING * * *
The polar bear claws you.
* * * LOW HITPOINT WARNING * * *
The polar bear claws you but does no damage.
The polar bear bites you!
* * * LOW HITPOINT WARNING * * *
The polar bear claws you but does no damage.
The polar bear barely misses you. x3; The polar bear misses you.
The black bear bites you.
* * * LOW HITPOINT WARNING * * *
You emit a cloud of colourful smoke!
The black bear claws you but does no damage. x2
The polar bear bites you.
* * * LOW HITPOINT WARNING * * *
The polar bear claws you.
You die...
Xom bursts into laughter!

####.##.########.######
.>.....................
#######.##....#...#####
#....................
#.#.####>...###.#####
#.#........ ..#
#.#.####### #######
#hhh##.# ......
#h@h...# ##### #h####.#
#.... ### #h# # #.
#.### # ... #.# #. #.#
# .... #.. #. #.#
######..... #.#
#.####.# .....#.....
#.# #......#
###.......# ##
#....#####
###.......########## #
#.........


You could see 5 polar bears and 2 black bears.

Vanquished Creatures
  Edmund (D:4)
  A water moccasin skeleton (D:4)
  A hound (D:3)
  An orc wizard (D:3)
  An iguana (D:4)
  Ijyb (D:4)
  Terence (D:3)
  A worker ant (D:4)
  Natasha (D:4)
  5 adders
  3 worms
  A dart slug (D:2)
  3 leopard geckos
  3 orcs
  5 bats
  4 giant cockroaches
  15 goblins
  2 hobgoblins
  2 jackals (D:1)
  2 kobolds
  4 frilled lizards
  6 rats
64 creatures vanquished.

Notes
Turn   | Place    | Note
-------+----------+-------------------------------------------
     0 | D:1      | wolfsongas the Ogre Berserker began the quest for the Orb.
     0 | D:1      | Reached XP level 1. HP: 24/24 MP: 1/1
   335 | D:1      | Reached XP level 2. HP: 22/32 MP: 2/2
   363 | D:1      | Gained mutation: Your mind is acute. (Int +2) [potion of mutation]
   363 | D:1      | Gained mutation: You have a somewhat thin skeletal structure. (Dex +2, Stealth) [potion of mutation]
   363 | D:1      | Gained mutation: You expend magic power (3 MP) to strengthen your wands. [potion of mutation]
  1216 | D:2      | Found a faded altar of an unknown god.
  1216 | D:2      | Found a faded altar of an unknown god.
  1221 | D:2      | Found a hazy altar of Hepliaklqana.
  1224 | D:2      | Found a faded altar of an unknown god.
  1226 | D:2      | Found a faded altar of an unknown god.
  1242 | D:2      | Fell from the grace of Trog
  1242 | D:2      | Became a worshipper of Xom of Bone-Dry Humour
  1369 | D:2      | XOM: harmless Fire miscast
  1392 | D:2      | Found an iron altar of Okawaru.
  1432 | D:2      | Reached XP level 3. HP: 34/40 MP: 3/3
  1448 | D:2      | XOM is BORED!
  1448 | D:2      | XOM: medium Fire miscast
  1808 | D:2      | Reached skill level 5 in Maces & Flails
  1850 | D:2      | Found a faded altar of an unknown god.
  1882 | D:2      | Reached XP level 4. HP: 47/49 MP: 4/4
  2191 | D:3      | XOM: mild Erth miscast
  2203 | D:3      | Noticed Terence
  2228 | D:3      | Killed Terence
  2228 | D:3      | Reached skill level 1 in Stealth
  2228 | D:3      | XOM: blink monster(s)
  2314 | D:3      | XOM: mild Erth miscast
  2333 | D:3      | XOM: mild Pois miscast
  2442 | D:3      | Found a sacrificial altar of Ru.
  2451 | D:3      | XOM: polymorph iguana -> hound
  2462 | D:3      | Reached skill level 6 in Maces & Flails
  2462 | D:3      | Reached XP level 5. HP: 51/55 MP: 5/5
  2601 | D:3      | XOM: god gift: scroll labeled IMAERYGUYN {god gift}
  2636 | D:3      | XOM: god gift: 42 gold pieces
  2741 | D:4      | Reached skill level 5 in Fighting
  2793 | D:4      | Reached XP level 6. HP: 54/66 MP: 6/6
  2814 | D:4      | Reached skill level 7 in Maces & Flails
  2861 | D:4      | XOM: god gift: thick smoking staff {god gift}
  2876 | D:4      | Noticed Ijyb
  2892 | D:4      | Killed Ijyb
  2960 | D:4      | Noticed Edmund
  2961 | D:4      | Found a snail-covered altar of Cheibriados.
  2964 | D:4      | Killed Edmund
  3012 | D:4      | Noticed Natasha
  3023 | D:4      | Killed Natasha
  3023 | D:4      | Reached skill level 8 in Maces & Flails
  3036 | D:4      | XOM: confuse monster(s)
  3043 | D:4      | Reached XP level 7. HP: 47/72 MP: 7/7
  3095 | D:4      | Noticed a polar bear
  3095 | D:4      | Noticed a polar bear
  3095 | D:4      | Noticed a polar bear
  3095 | D:4      | Noticed a polar bear
  3095 | D:4      | Noticed a polar bear
  3097 | D:4      | XOM: smoke on damage
  3097 | D:4      | HP: 3/72 [polar bear[the rage of Trog] (3)]
  3097 | D:4      | Slain by a polar bear

Skill      XL: |  1  2  3  4  5  6 |
---------------+-------------------+-----
Dodging        | 3 |  3.7
Maces & Flails | 5 6 8 |  8.3
Stealth        | 1 |  1.4
Fighting       | 5 |  5.4

Action                   |  1- 3 |  4- 6 |  7- 9 || total
-------------------------+-------+-------+-------++-------
Melee: Mace              |    49 |       |       ||    49
       Whip              |    54 |   124 |       ||   178
       Morningstar       |       |    34 |     3 ||    37
  Use: Potion            |     5 |     2 |       ||     7
       Scroll            |     6 |     4 |     1 ||    11
 Stab: Sleeping          |     2 |     6 |       ||     8
       Confused          |       |     1 |       ||     1
  Eat: Bread ration      |     2 |     2 |       ||     4
Armor: Animal skin       |    36 |    72 |    12 ||   120
Dodge: Dodged            |    64 |    78 |    15 ||   157
